Cogmind - Beta 14 @@@ ROGUE MODE // 2024.08.22 @ 07:24:10 Player: Bemsi Result: Destroyed by G-34 Mercenary with Small Laser Performance ------------- Evolutions (0) 0 Regions Visited (1) 200 Robots Destroyed (15) 75 Value Destroyed (346) 346 Prototype IDs (2) 40 Alien Tech Used (0) 0 Bonus (0) 0 TOTAL SCORE: 661 Bonus ------- None Cogmind --------- Core Integrity 0/250 Matter 170/300 Energy 100/100 System Corruption 9% Temperature Hot (273) Movement Walking (190) Ox1 Location -10/Materials Parts ------- > --- POWER (1) -------- (None) > --- PROPULSION (2) --- Aluminum Leg > --- UTILITY (2) ------ Medium Storage Unit Visual Processing Unit > --- WEAPON (2) ------- Medium Laser Improved Light Cannon > --- INVENTORY (10) --- Small Battery (100) Signal Interpreter Seismic Detector Targeting Computer Core Shielding Light Armor Plating Light Armor Plating Small Laser Improved Light Cannon Peak State ------------ > --- POWER ------------ Light Nuclear Core > --- PROPULSION ------- Improved Hover Unit Improved Hover Unit > --- UTILITY ---------- Medium Storage Unit Visual Processing Unit > --- WEAPON ----------- Medium Laser Assault Rifle > --- INVENTORY -------- Aluminum Leg Small Battery Signal Interpreter Seismic Detector Targeting Computer Core Shielding Light Armor Plating Light Armor Plating Light Armor Plating Small Laser [Rating: 13] Favorites ----------- Power Light Ion Engine Engine Light Ion Engine Power Core Light Nuclear Core Propulsion Aluminum Leg Treads Light Treads Leg Aluminum Leg Hover Unit Improved Hover Unit Utility Small Storage Unit Device Seismic Detector Storage Small Storage Unit Processor Visual Processing Unit Weapon Assault Rifle Energy Gun EM Pulse Gun Ballistic Gun Assault Rifle Ballistic Cannon Improved Light Cannon Build | -11 -10 ------- Run | Yrd Mat Slots Evolved . | . . Power . | . . Propulsion . | . . Utility . | . . Weapon . | . . Parts Attached 28 | 13 15 Power 3 | 2 1 Engine 2 | 2 . Core 1 | . 1 Reactor . | . . Propulsion 12 | 4 8 Treads 2 | 2 . Leg 8 | 2 6 Wheel . | . . Hover 2 | . 2 Flight . | . . Utility 7 | 5 2 Device 2 | 2 . Storage 4 | 3 1 Processor 1 | . 1 Hackware . | . . Protection . | . . Artifact . | . . Weapon 6 | 2 4 Energy Gun 3 | 1 2 Energy Cannon . | . . Ballistic Gun 2 | 1 1 Ballistic Cannon 1 | . 1 Launcher . | . . Special Weapon . | . . Impact Weapon . | . . Slashing Weapon . | . . Piercing Weapon . | . . Special Melee Weapon . | . . Unidentified Prototypes . | . . Corrupted Parts 1 | . 1 System Corruption 3 | . 3 Parts Lost 5 | 2 3 Power 2 | 1 1 Propulsion 1 | . 1 Utility 1 | 1 . Weapon 1 | . 1 Highest Loss Streak 2 | 2 2 To Critical Strikes . | . . Average Slot Usage (%) 98 | . 98 Engine 5 | . 5 Core 8 | . 8 Treads 10 | . 10 Leg 16 | . 16 Device 3 | . 3 Storage 14 | . 14 Processor 11 | . 11 Energy Gun 13 | . 13 Ballistic Gun 12 | . 12 Ballistic Cannon 2 | . 2 Peak Build Rating 13 | 7 13 Average Rating 8 | 5 9 On Entrance 3 | . 7 Naked Turns . | . . Heaviest Build 21 | 13 21 Greatest Support 40 | 40 40 Greatest Overweight (x) 2 | . 2 Average Overweight (x) . | . . Largest Inventory Capacity 10 | 8 10 Average Capacity 8 | 7 8 Most Carried 10 | 1 10 Average Carried 4 | . 5 Final Capacity 10 | 8 10 Final Carried 9 | . 9 Class Distribution -------------------- 51% | Mutant 48% | Scavenger-Mutant Dominant Class ---------------- Scavenger-Mutant | -10/Materials Resources | -11 -10 ----------- Run | Yrd Mat Matter Collected 543 | 351 192 Remotely 106 | 106 . Salvage Created 548 | 135 413 Parts 31 | 9 22 Haulers Intercepted 1 | . 1 Recyclers Shooed . | . . Parts Field Recycled . | . . Retrieved Matter . | . . Parts Self-Destructed . | . . Prevented . | . . Kills | -11 -10 ------- Run | Yrd Mat Combat Hostiles Destroyed 8 | . 8 Guns 6 | . 6 Cannons 2 | . 2 Classes Destroyed 6 | 2 4 Tunneler 3 | 3 . Hauler 1 | . 1 Recycler 1 | 1 . Operator 1 | . 1 Watcher 1 | . 1 Grunt 8 | . 8 Best Kill Streak 3 | 3 3 Combat Bots Only 3 | . 3 Max Kills in Single Turn 2 | 2 1 Gunslinging . | . . Exploded . | . . Melee . | . . Uniques/NPCs Destroyed . | . . Combat | -11 -10 -------- Run | Yrd Mat Hostile Shots Fired 73 | . 73 Missed 15 | . 15 Damage Taken 1025 | 332 693 Core 251 | 45 206 Absorbed by Shields . | . . Core Remaining (%) 82 | 82 . Volleys Fired 54 | 8 46 Largest 2 | 2 2 Hottest 89 | 60 89 Shots Fired 103 | 16 87 Gun 86 | 16 70 Cannon 17 | . 17 Launcher . | . . Special . | . . Kinetic 53 | 8 45 Thermal 32 | . 32 Explosive . | . . Electromagnetic 18 | 8 10 Robot Hit Streak 19 | 4 19 Robot Miss Streak 3 | 3 2 Penetration Max . | . . Secondary Targets 1 | . 1 Max Gunslinging Chain 1 | . 1 Shots Hit Robots 77 | 8 69 Core Hits 25 | 3 22 Critical Kills . | . . Critical Parts Destroyed . | . . Critical Strikes 3 | . 3 Burn 1 | . 1 Blast 2 | . 2 Melee Attacks . | . . Impact . | . . Slashing . | . . Piercing . | . . Sneak Attacks . | . . Combat Hostiles . | . . Follow-up Attacks . | . . Damage Inflicted 1207 | 226 981 Guns 787 | 104 683 Cannons 295 | . 295 Explosions 118 | 118 . Melee . | . . Ramming 7 | 4 3 Kinetic 632 | 64 568 Thermal 428 | 118 310 Explosive . | . . Electromagnetic 140 | 40 100 Impact . | . . Slashing . | . . Piercing . | . . Highest Corruption 9 | 6 9 Average Corruption 7 | 6 7 Corruption Purged . | . . Corruption Blocked . | . . Effects 22 | 3 19 Message Errors 3 | 1 2 Matter Fused 7 | 1 6 Heat Flow Errors 4 | 1 3 Energy Discharges 1 | . 1 Parts Rejected 1 | . 1 Data Loss (minor) 4 | . 4 Misfires 1 | . 1 Weapon Failures 1 | . 1 Overload Shots . | . . Overflow Damage 40 | 40 . Projectiles . | . . Explosions 37 | 37 . Melee 3 | 3 . Knockbacks 4 | . 4 Impact . | . . Kinetic 4 | . 4 Secondary . | . . Self-Inflicted Damage . | . . Shots . | . . Rammed 2 | . 2 Targets Rammed 4 | 1 3 Kicked 2 | 1 1 Crushed . | . . Highest Temperature 383 | 109 383 Average Temperature 168 | 63 171 Received Heat Transfer 405 | . 405 Effects 2 | . 2 Shutdowns 1 | . 1 Short Circuit 1 | . 1 Siege Activations . | . . Robots Corrupted . | . . Combat Hostiles . | . . Parts Fried . | . . Impact Corruptions 1 | 1 . Robots Melted . | . . Combat Hostiles . | . . Parts Melted . | . . Heat Transferred 1125 | 150 975 Parts Sabotaged . | . . Parts Stolen . | . . Parts Stripped . | . . Power Chain Reactions 1 | 1 . Alert | -11 -10 ------- Run | Yrd Mat Peak Influence 200 | 20 200 Initial . | . . Average 37 | 2 48 Maximum Alert Level 1 | . 1 Low Security (%) 95 | 100 94 Level 1 4 | . 5 Level 2 . | . . Level 3 . | . . Level 4 . | . . Level 5 . | . . High Security . | . . Max Security . | . . Squads Dispatched 4 | . 4 Investigation 2 | . 2 Extermination . | . . Reinforcement 2 | . 2 Assault . | . . Garrison . | . . Intercept . | . . Searches Triggered . | . . Construction Impeded . | . . Haulers Reinforced . | . . Active Scanning Responses . | . . Cargo Convoy Interrupts . | . . Stealth | -11 -10 --------- Run | Yrd Mat Distress Signals . | . . Communications Jammed . | . . Distress Signals . | . . Times Spotted 16 | . 16 Peak Tracking Total 5 | . 5 Tactical Retreats . | . . Traps | -11 -10 ------- Run | Yrd Mat Traps Triggered 1 | . 1 Indirectly . | . . Trap Hack Attempts . | . . Triggered . | . . Disarmed . | . . Reprogrammed . | . . Reused . | . . Traps Extracted . | . . Installed . | . . Triggered . | . . Machines | -11 -10 ---------- Run | Yrd Mat Machines Disabled . | . . Max in Single Turn . | . . Machines Repaired . | . . Machines Dismantled . | . . Machines Sabotaged . | . . Overloaded Fab Kills . | . . Hacking | -11 -10 --------- Run | Yrd Mat Machines Accessed 4 | . 4 Terminals 3 | . 3 Fabricators . | . . Repair Stations . | . . Recycling Units 1 | . 1 Scanalyzers . | . . Garrison Access . | . . Total Hacks 18 | . 18 Successful 12 | . 12 Failed 6 | . 6 Catastrophic . | . . Database Lockouts . | . . Manual . | . . Terminals 17 | . 17 Fabricators . | . . Repair Stations . | . . Recycling Units 1 | . 1 Scanalyzers . | . . Garrison Access . | . . Terminal Hacks 11 | . 11 Record 6 | . 6 Prototype ID Bank 1 | . 1 Recycling Unit Index 1 | . 1 Alert Level 2 | . 2 Dispatch Records 1 | . 1 Fabricator Hacks . | . . Repair Station Hacks . | . . Recycling Unit Hacks 1 | . 1 Report Inventory 1 | . 1 Scanalyzer . | . . Garrison Access Hacks . | . . Unauthorized Hacks . | . . Terminals . | . . Fabricators . | . . Repair Stations . | . . Recycling Units . | . . Scanalyzers . | . . Garrison Access . | . . Data Cores Recovered . | . . Used . | . . Hacking Detections 3 | . 3 Full Trace Events 1 | . 1 Feedback Events . | . . Feedback Blocked . | . . Robot Schematics Acquired . | . . Robots Built . | . . Authchips . | . . Time . | . . Total Robot Build Rating . | . . Part Schematics Acquired . | . . Parts Built . | . . Authchips . | . . Time . | . . Total Part Build Rating . | . . Parts Repaired . | . . Time . | . . Parts Recycled . | . . Recycled Matter . | . . Retrieved Matter . | . . Retrieved Components . | . . Parts Scanalyzed . | . . Part Schematics Acquired . | . . Parts Damaged . | . . Bothacking | -11 -10 ------------ Run | Yrd Mat Used RIF Installer . | . . Robots Hacked . | . . Non-combat . | . . Combat . | . . Robot Hacks Applied . | . . Relay Couplers Released . | . . Fabnet Peak Effective % . | . . Robots Rewired . | . . Allies Hacked . | . . Hacks Repelled . | . . Allies | -11 -10 -------- Run | Yrd Mat Total Allies . | . . Largest Group . | . . Highest-Rated Group . | . . Highest-Rated Ally . | . . Total Orders . | . . Ally Attacks . | . . Total Damage . | . . Kills . | . . Allies Corrupted . | . . Allies Melted . | . . Intel | -11 -10 ------- Run | Yrd Mat Robot Analysis Total . | . . Derelict Logs Recovered . | . . Drone Launches . | . . Drone Recoveries . | . . Exploration | -11 -10 ------------- Run | Yrd Mat Turns Passed 922 | 223 699 Spaces Moved 501 | 136 365 Core 8 | 8 . Treads 167 | 50 117 Legs 325 | 78 247 Wheels . | . . Hover 1 | . 1 Flight . | . . Fastest Speed 50 | 50 120 Average Speed 137 | 130 139 Slowest Speed 190 | 160 190 Overloaded Moves . | . . Propulsion Burnouts . | . . Robots Hopped . | . . Cave-ins Triggered 1 | 1 . Exploration Rate (%) 25 | 7 43 Regions Visited 1 Branch Regions . Pre-discovered Areas . | . . Known Exits Taken . | . . Unknown Exits Taken 1 | 1 . Scrap Searched . | . . Spaces Dug . | . . Terrain Destroyed 6 | 4 2 Melee . | . . Projectile 2 | . 2 AOE 4 | 4 . Terrain Rammed . | . . Walls Destroyed . | . . Machines Disabled . | . . Actions | -11 -10 --------- Run | Yrd Mat Total 623 | 160 463 Wait 20 | . 20 Move 499 | 134 365 Hop . | . . Pick Up 10 | 1 9 Fast Attach 12 | 10 2 Attach 1 | 1 . Detach . | . . Swap 15 | 2 13 Drop 7 | 2 5 Fire 54 | 8 46 Melee . | . . Ram . | . . Kick 2 | 1 1 Crush 2 | . 2 Escape Stasis 1 | 1 . Rewire . | . . Trap . | . . Miscellaneous . | . . Route ------- -11/Scrapyard -10/Materials (discovered 1 exit: [*Min]) History --------- Turn | Location | Event 8 | -11/Scrapyard | Discovered new exit (range 15) 115 | -11/Scrapyard | Crushed by falling debris 224 | -11/Scrapyard | Entered Materials 301 | -10/Materials | Build established: Mutant 577 | -10/Materials | Core integrity fell below 50% 753 | -10/Materials | Discovered new exit (range 16) 763 | -10/Materials | Build established: Scavenger-Mutant 918 | -10/Materials | Core integrity fell below 20% 923 | -10/Materials | Destroyed by G-34 Mercenary with Small Laser Last Messages --------------- System corrupted: Component data lost. G-34 Mercenary suffers critical hit (Burn). G-34 Mercenary knocked back. Destroyed Sml. Laser. System corrupted: Matter fused (-5). G-34 Mercenary knocked back. Lgt. Nuclear Core destroyed. G-34 Mercenary destroyed. G-34 Mercenary knocked back. U-05 Engineer builds a Wall. Aluminum Leg destroyed. G-34 Mercenary suffers critical hit (Blast). G-34 Mercenary destroyed. M-13 Machinist repairs G-34 Mercenary. M-13 Machinist fits Backup Laser I on G-34 Mercenary. G-34 Mercenary knocked back. V5CMCJMG%ELH|9UT SB|IHE 3UHJDP TR3 AT:ZY M-13 Machinist repairs Aluminum Leg. System corrupted: Med. Laser failed to cycle. G-34 Mercenary Aluminum Leg blasted off. Map ----- +----------------------------------------------------+ | | | | | | | | | | | | | | | | | | | | | | | | | | | | | | | | | | | | | | | ????????????????????????###########??????????????? | | ????????????????????????# #??????????????? | | ????????????????????????# #??????????????? | | ????????????????????????#%g """ #??????????????? | | ????????????????????????#=g """ #??????????????? | | ????????????????????????# "m% """ #??????????????? | | ????????????????????????#@T #??????????????? | | ????????????????????????#%" % ###???#####????? | | ??????????????+####?????#g=% u # #???#!=]#????? | | ?????????????? ###########+########### []#????? | | ?????????????? ## """ # ==#????? | | ?????????????? ## """ # ########## ==#????? | | ??????????????# ## """ / #????????# **#????? | | ??????????????# ## # #????????# **#????? | | ??????????????# ## # #????????#####????? | | ############### ## # #?????????????????? | | # + # #?????????????????? | | # ## # #?????????????????? | | # " #####+#### #?????????????????? | | # "" ### ## #?????????????????? | | # "= ###???????????????? | | # ![ + ??????????????? | | # !!% ###???????????????? | | # *%###### ### ############???????????? | | # [%######+#### ?????????? | | # ## # ?????????? | | / ## """ "" + !! ?????????? | | # ## """ Y" # !! #########??????????? | | ###+###### ## """ "" # !! #??????????????????? | | ## * ## ## # #??????????????????? | | ## ## ## # [ #??????????????????? | +----------------------------------------------------+ Best States ------------- Heat Dissipation 25 Energy Generation 14 Energy Capacity 160 Matter Stores 300 Matter Capacity 300 Sight Range 18 Terrain Scan Density 10 Evasion (%) 55 Recoil Reduction 2 Item Schematics ----------------- None Robot Schematics ------------------ None Fabricated ------------ Nothing Alien Tech Used ----------------- None Achievements -------------- Unlikely Earthworm Use The Force Challenges ------------ None Game ------ Seed TitaniumMagneticAnalyzer Manual? 0 Play Time 00:13:32 Cumulative 2.8 hours Start 2024.08.22 @ 07:12:10 End 2024.08.22 @ 07:24:10 Sessions 1 Manual Loads 0 Difficulty Rogue Special Mode None Game No. 4 Rogue 4 Adventurer 0 Explorer 0 Win Type - Total 0 Types 0/0/0/0/0/0/0/0/0 Lore% 1 Gallery% 6 Achievement% 10 Wizard Run 0 Options --------- Layout 0 ASCII 0 Keyboard 0 Movement Arrows Keybinds 0 Fullscreen 2 Font 24/Smallcaps Map View 76x50 Zoom Use 0% Tactical HUD 0 Map Filters NONE Filters NONE Steam 1 RUN: 8a4a83fb-11eb-4088-af58-f5a7861a94f1